[Event "Titled Tuesday Blitz April 05 Early 2022"]
[White "Jain, Naveen"]
[Black "Lehtosaari, Mauri"]
[WhiteFideId "5003970"]
[BlackFideId "501999"]
[WhiteElo "2036"]
[BlackElo "2556"]
[Result "1/2-1/2"]
[Round "01"]
[TimeControl "180+1"]
[Date "2022.04.05"]
[WhiteClock "0:00:10"]
[BlackClock "0:00:15"]

1. e4 d5 2. exd5 Qxd5 3. Nc3 Qe5+ 4. Be2 c6 5. Nf3 Qc7 6. O-O Bf5 7. d3 e6 8. Nd4 Bg6 9. g3 Bd6 10. Bf3 a6 11. a4 Nf6 12. Bg2 O-O 13. Re1 Nbd7 14. Ne4 Nxe4 15. dxe4 Rad8 16. c3 Bc5 17. Qb3 Nf6 18. Nf3 e5 19. Bg5 Be7 20. Rad1 h6 21. Be3 b5 22. axb5 axb5 23. c4 bxc4 24. Qxc4 Bxe4 25. Rxd8 Bxd8 26. Bc5 Bxf3 27. Bxf3 Re8 28. Rd1 e4 29. Bg2 Be7 30. Be3 c5 31. Bxe4 Bd6 32. Bg2 Bf8 33. b4 Rc8 34. Bh3 Rd8 35. Rxd8 Qxd8 36. Bxc5 Qd1+ 37. Bf1 Nd5 38. Bxf8 Kxf8 39. b5 Ke7 40. Qc5+ Ke6 41. b6 Qb3 42. Bc4 Qb1+ 43. Kg2 Qe4+ 44. Kg1 Qb1+ 45. Kg2 Qe4+ 46. f3 Qc2+ 47. Kh3 Qf5+ 48. Kg2 Qc2+ 49. Kh3 Qf5+ 50. Kg2 Qc2+ 1/2-1/2


[Site "https://www.chess.com"]

[Event "Titled Tuesday Blitz April 05 Early 2022"]
[White "Jakubowska, Anna"]
[Black "Csonka, Balazs"]
[WhiteFideId "1121952"]
[BlackFideId "742910"]
[WhiteElo "1924"]
[BlackElo "2404"]
[Result "0-1"]
[Round "01"]
[TimeControl "180+1"]
[Date "2022.04.05"]
[WhiteClock "0:00:13"]
[BlackClock "0:00:06"]

1. e4 c5 2. Nc3 e6 3. g3 Nc6 4. Bg2 g6 5. d3 Bg7 6. h4 Nf6 7. Be3 d6 8. Nge2 Rb8 9. d4 Ng4 10. Bg5 Qb6 11. dxc5 dxc5 12. O-O O-O 13. Na4 Qa5 14. b3 h6 15. Bd2 Qd8 16. Bc3 Qe7 17. Bxg7 Kxg7 18. Qd2 b6 19. f3 Nf6 20. c4 Rd8 21. Qe3 Nd4 22. Rad1 Bd7 23. Nac3 Bc6 24. Kh1 Nh5 25. f4 Nxe2 26. Nxe2 Rxd1 27. Rxd1 Rd8 28. Qc3+ Kg8 29. Rd3 Rxd3 30. Qxd3 e5 31. Qf3 exf4 32. gxf4 Nf6 33. Nc3 h5 34. Qe3 Ng4 35. Qe2 Qxh4+ 36. Kg1 Qh2+ 37. Kf1 Qxf4+ 38. Kg1 Qh2+ 39. Kf1 Qe5 40. Qd3 Qf4+ 41. Kg1 Qf2+ 42. Kh1 Qh4+ 43. Kg1 Qf2+ 44. Kh1 Qe1+ 45. Bf1 Nf2+ 46. Kg2 Nxd3 0-1


[Site "https://www.chess.com"]

[Event "Titled Tuesday Blitz April 05 Early 2022"]
[White "Jaskolka, Tomasz"]
[Black "Pakleza, Zbigniew"]
[WhiteFideId "1170791"]
[BlackFideId "1119290"]
[WhiteElo "2073"]
[BlackElo "2467"]
[Result "0-1"]
[Round "01"]
[TimeControl "180+1"]
[Date "2022.04.05"]
[WhiteClock "0:00:06"]
[BlackClock "0:00:11"]

1. d4 c5 2. e3 Nf6 3. Nf3 d5 4. b3 cxd4 5. exd4 Nc6 6. Bb2 Bf5 7. Bd3 Bxd3 8. Qxd3 e6 9. O-O Be7 10. Ne5 O-O 11. a3 Rc8 12. Nd2 Nxe5 13. dxe5 Nd7 14. Nf3 Qc7 15. Rac1 Rfd8 16. Rfd1 Nc5 17. Qe2 Qb6 18. Bd4 Qc6 19. Bxc5 Bxc5 20. a4 Qb6 21. Rd3 h6 22. h4 Rd7 23. g4 Rdc7 24. Rcd1 Be7 25. R1d2 Bb4 26. g5 Bxd2 27. Rxd2 h5 28. g6 fxg6 29. Qd3 Rc3 30. Qe2 Rf8 31. Nd4 Rf4 32. Nb5 Rg3+ 33. Kh2 Rgg4 34. Qe3 Rxh4+ 35. Kg2 Rfg4+ 36. Kf1 Rh1+ 37. Ke2 Re4 38. Qxe4 dxe4 39. Nd6 Rh2 40. Nxe4 Rh4 41. f3 Rxe4+ 42. fxe4 g5 43. Rd7 h4 44. Kf3 Qg1 45. Rxb7 Qg3+ 46. Ke2 h3 47. Rb8+ Kh7 48. Rf8 h2 0-1


[Site "https://www.chess.com"]

[Event "Titled Tuesday Blitz April 05 Early 2022"]
[White "Kalogridis, Antonios"]
[Black "Godzwon, Iwo"]
[WhiteFideId "25833901"]
[BlackFideId "21802483"]
[WhiteElo "1596"]
[BlackElo "2201"]
[Result "0-1"]
[Round "01"]
[TimeControl "180+1"]
[Date "2022.04.05"]
[WhiteClock "0:00:10"]
[BlackClock "0:00:26"]

1. d4 Nf6 2. c4 e6 3. Nc3 Bb4 4. Nf3 b6 5. Bd2 Bb7 6. e3 O-O 7. Bd3 d6 8. O-O Nbd7 9. a3 Bxc3 10. Bxc3 Ne4 11. Be1 f5 12. Qc2 Rf6 13. Nd2 Rh6 14. f3 Ng5 15. e4 Qf6 16. Bf2 f4 17. h4 Nf7 18. e5 dxe5 19. Be4 Bxe4 20. Nxe4 Qe7 21. c5 exd4 22. cxb6 cxb6 23. Rfe1 Nc5 24. Bxd4 Qxh4 25. Bxc5 bxc5 26. Qxc5 Qh2+ 27. Kf1 Rg6 28. Qg1 Qh5 29. Qc5 Ne5 30. Nf2 Rg5 31. Nh3 Rxg2 32. Kxg2 Qxf3+ 33. Kg1 Qg3+ 34. Kf1 Qxh3+ 35. Ke2 Qd3+ 36. Kf2 Qf3+ 37. Kg1 Qg4+ 38. Kf1 Qf3+ 39. Qf2 Qxf2+ 40. Kxf2 Nd3+ 41. Kf3 Nxe1+ 42. Rxe1 Rb8 43. b4 a5 44. bxa5 Rb3+ 45. Kxf4 Rxa3 46. Re5 Kf7 47. Rb5 Kf6 48. Ke4 g6 49. Kd4 h5 50. Kc4 h4 51. Kb4 Ra1 52. Rb8 Rb1+ 53. Kc5 Rxb8 0-1


[Site "https://www.chess.com"]

[Event "Titled Tuesday Blitz April 05 Early 2022"]
[White "Karas, Marek"]
[Black "Tsyhanchuk, Stanislav"]
[WhiteFideId "14928558"]
[BlackFideId "13505130"]
[WhiteElo "2271"]
[BlackElo "2078"]
[Result "1-0"]
[Round "01"]
[TimeControl "180+1"]
[Date "2022.04.05"]
[WhiteClock "0:00:58"]
[BlackClock "0:00:18"]

1. d4 d5 2. Nf3 Nf6 3. c4 c6 4. Nc3 dxc4 5. a4 Bf5 6. Nh4 Bg4 7. h3 Bh5 8. g4 Bg6 9. Nxg6 hxg6 10. e3 Nbd7 11. Bxc4 e5 12. Qb3 Qe7 13. Qxb7 Rb8 14. Qxc6 exd4 15. Nb5 Nxg4 16. hxg4 Rxh1+ 17. Qxh1 Qb4+ 18. Bd2 Qxc4 19. Qe4+ Kd8 20. Qxd4 Qxd4 21. Nxd4 Rxb2 22. Bc3 Rb6 23. Ba5 Bd6 24. Bxb6+ axb6 25. Nb5 Bb4+ 26. Ke2 Nc5 27. Nd6 Ke7 28. Nc4 Nd7 29. Rb1 Bc5 30. Rb5 Ke6 31. f4 Kd5 32. Kd3 Kc6 33. Ne5+ Nxe5+ 34. fxe5 Kd5 35. e4+ Kxe5 36. a5 Ke6 37. a6 1-0


[Site "https://www.chess.com"]

[Event "Titled Tuesday Blitz April 05 Early 2022"]
[White "Karolczuk, Iwo"]
[Black "Moskvin, Anatoly"]
[WhiteFideId "21816972"]
[BlackFideId "24199990"]
[WhiteElo "2277"]
[BlackElo "2079"]
[Result "0-1"]
[Round "01"]
[TimeControl "180+1"]
[Date "2022.04.05"]
[WhiteClock "0:00:02"]
[BlackClock "0:00:10"]

1. e4 e5 2. Nf3 d5 3. Nc3 d4 4. Ne2 f6 5. Ng3 Be6 6. b3 c5 7. Bc4 Bxc4 8. bxc4 Nc6 9. d3 Bd6 10. Nf5 g6 11. Nh6 Nxh6 12. Bxh6 Bc7 13. O-O Ba5 14. Rb1 Qd7 15. Rb5 Bb4 16. Bd2 a6 17. Bxb4 axb5 18. Bxc5 bxc4 19. Qb1 cxd3 20. cxd3 Kf7 21. Nh4 Kg7 22. f4 b6 23. fxe5 fxe5 24. Qc1 bxc5 25. Nf5+ gxf5 26. Qg5+ Kf7 27. Rxf5+ Ke8 28. Qh5+ Kd8 29. Rf7 Qe6 30. Qg5+ Kc8 31. Qg7 Re8 32. Rc7+ Kd8 33. Rb7 Ne7 34. Qxh7 Kc8 35. Rb2 Rxa2 36. Rb1 Qg4 37. g3 Qe2 38. Qh3+ Kc7 39. Rf1 c4 40. dxc4 d3 41. g4 d2 42. Qg3 d1=Q 43. Qxe5+ Qd6 0-1


[Site "https://www.chess.com"]

[Event "Titled Tuesday Blitz April 05 Early 2022"]
[White "Kezin, Roman"]
[Black "Perez Rodriguez, Jennifer"]
[WhiteFideId "24124621"]
[BlackFideId "3507831"]
[WhiteElo "2570"]
[BlackElo "2170"]
[Result "1-0"]
[Round "01"]
[TimeControl "180+1"]
[Date "2022.04.05"]
[WhiteClock "0:01:23"]
[BlackClock "0:01:00"]

1. b3 e5 2. Bb2 Nc6 3. e3 Nf6 4. Bb5 d6 5. Ne2 a6 6. Bxc6+ bxc6 7. O-O Be7 8. d3 O-O 9. e4 Nh5 10. f4 Nxf4 11. Nxf4 exf4 12. Rxf4 Bg5 13. Rf1 f5 14. Nc3 Be3+ 15. Kh1 Bd4 16. Qd2 f4 17. Rxf4 Rxf4 18. Qxf4 Be5 19. Qf2 c5 20. Na4 Qe7 21. Bxe5 Qxe5 22. Rf1 Be6 23. Qd2 Rf8 24. Rxf8+ Kxf8 25. Nc3 h6 26. a4 Qd4 27. Ne2 Qa1+ 28. Qc1 Qa2 29. Nc3 1-0


[Site "https://www.chess.com"]

[Event "Titled Tuesday Blitz April 05 Early 2022"]
[White "Khripachenko, Alexander"]
[Black "Baker, Chris W"]
[WhiteFideId "54184975"]
[BlackFideId "401676"]
[WhiteElo "2193"]
[BlackElo "2120"]
[Result "0-1"]
[Round "01"]
[TimeControl "180+1"]
[Date "2022.04.05"]
[WhiteClock "0:00:41"]
[BlackClock "0:00:08"]

1. e4 e5 2. Nf3 Nc6 3. Nc3 Nf6 4. d4 exd4 5. Nxd4 Bb4 6. Nxc6 bxc6 7. Bd3 d5 8. exd5 O-O 9. O-O cxd5 10. h3 Be6 11. Qf3 c6 12. Bf4 Bd6 13. Rfe1 Rb8 14. b3 Qc7 15. Bxd6 Qxd6 16. Rad1 Rfe8 17. Ne2 Qa3 18. Qf4 c5 19. Ng3 Qxa2 20. Ra1 Qb2 21. Rxa7 c4 22. bxc4 dxc4 23. Bf5 Bxf5 24. Rxe8+ Rxe8 25. Nxf5 h6 26. Qxc4 Re1+ 27. Kh2 Qb8+ 28. Rc7 Ne8 29. Qxf7+ Kh8 30. Ne7 Qxc7+ 31. g3 Qxe7 0-1


[Site "https://www.chess.com"]

[Event "Titled Tuesday Blitz April 05 Early 2022"]
[White "Korchmar, Vasiliy"]
[Black "Shtyka, Sergey"]
[WhiteFideId "24131750"]
[BlackFideId "4138465"]
[WhiteElo "2370"]
[BlackElo "2014"]
[Result "1-0"]
[Round "01"]
[TimeControl "180+1"]
[Date "2022.04.05"]
[WhiteClock "0:00:03"]
[BlackClock "0:00:07"]

1. d4 c5 2. d5 e5 3. e4 d6 4. Nc3 Be7 5. Nf3 Bg4 6. Be2 Bxf3 7. Bxf3 a6 8. a4 Bg5 9. O-O Bxc1 10. Qxc1 Nf6 11. Qd2 O-O 12. Rfb1 Nbd7 13. a5 Ne8 14. b4 cxb4 15. Rxb4 Nc5 16. Rb6 Nf6 17. Qe3 Nfd7 18. Rbb1 Qc7 19. Bd1 Rac8 20. h3 g6 21. Bg4 Kg7 22. Na4 Rb8 23. Bxd7 Nxd7 24. Nb6 Nxb6 25. Rxb6 Rfd8 26. Rab1 Qxc2 27. Rxb7 Rxb7 28. Rxb7 Rc8 29. Kh2 Rc3 30. Qa7 Qxe4 31. Rxf7+ Kh6 32. Rxh7+ Kg5 33. Qe7+ Kf4 34. Rf7+ Qf5 35. Rxf5+ gxf5 36. Qxd6 Ke4 37. Qxa6 Rxh3+ 38. gxh3 f4 39. Qb6 Kf3 40. Qb3+ Ke4 41. Qc2+ 1-0


[Site "https://www.chess.com"]

[Event "Titled Tuesday Blitz April 05 Early 2022"]
[White "Koridze, Lile"]
[Black "Hasangatin, Ramil"]
[WhiteFideId "13612514"]
[BlackFideId "4122160"]
[WhiteElo "2050"]
[BlackElo "2375"]
[Result "0-1"]
[Round "01"]
[TimeControl "180+1"]
[Date "2022.04.05"]
[WhiteClock "0:01:10"]
[BlackClock "0:01:58"]

1. d4 Nf6 2. c4 c5 3. d5 e6 4. Nc3 exd5 5. cxd5 Bd6 6. e4 O-O 7. Nf3 Re8 8. Bd3 Bc7 9. O-O d6 10. h3 a6 11. a4 Nbd7 12. Nd2 Ne5 13. Bc2 Rb8 14. f4 Ng6 15. Nf3 b5 16. axb5 axb5 17. Re1 b4 18. Nb1 c4 19. b3 c3 20. Nd4 Bb6 21. Kh1 Bxd4 22. Qxd4 Nh5 23. Kh2 Nhxf4 24. Rf1 Qg5 25. Qf2 Qxg2+ 26. Qxg2 Nxg2 27. Kxg2 Ne5 28. Be3 Bd7 29. Ra7 Bb5 30. Rd1 Ra8 31. Kf2 Rxa7 32. Bxa7 Ra8 33. Bb6 Ra2 0-1


[Site "https://www.chess.com"]

[Event "Titled Tuesday Blitz April 05 Early 2022"]
[White "Kouskoutis, Georgios-Alexandros"]
[Black "Murzin, Volodar"]
[WhiteFideId "4234049"]
[BlackFideId "44155573"]
[WhiteElo "2446"]
[BlackElo "2780"]
[Result "0-1"]
[Round "01"]
[TimeControl "180+1"]
[Date "2022.04.05"]
[WhiteClock "0:00:02"]
[BlackClock "0:02:00"]

1. c4 c6 2. g3 d5 3. Bg2 Nf6 4. Nf3 g6 5. b3 Bg7 6. Bb2 O-O 7. O-O Nbd7 8. Qc2 Re8 9. d3 e5 10. cxd5 cxd5 11. Nc3 Nb8 12. d4 Bf5 13. Qd1 e4 14. Ne5 h5 15. f3 Nc6 16. fxe4 dxe4 17. Nxc6 bxc6 18. e3 Bh6 19. Bc1 h4 20. gxh4 Ng4 21. Qe1 Qc7 22. Qg3 Bxe3+ 23. Bxe3 Qxg3 24. hxg3 Nxe3 25. Rf2 Nd5 26. Na4 e3 27. Re2 Bg4 28. Ree1 Rad8 29. Nc5 Nb4 30. Rac1 Rxd4 31. a3 Nd5 32. Bxd5 cxd5 33. b4 Rd2 34. Nb3 Rd3 35. Nc5 Rxa3 36. b5 d4 37. Rb1 d3 38. Rb3 Rxb3 39. Nxb3 Kg7 0-1


[Site "https://www.chess.com"]

[Event "Titled Tuesday Blitz April 05 Early 2022"]
[White "Kozak, Antoni"]
[Black "Goldin, Roman"]
[WhiteFideId "21832030"]
[BlackFideId "2803860"]
[WhiteElo "2236"]
[BlackElo "2312"]
[Result "1-0"]
[Round "01"]
[TimeControl "180+1"]
[Date "2022.04.05"]
[WhiteClock "0:00:17"]
[BlackClock "0:00:07"]

1. d4 Nf6 2. Nf3 b5 3. e4 Nxe4 4. Bxb5 Bb7 5. O-O e6 6. Nbd2 c5 7. Nxe4 Bxe4 8. Re1 Bc6 9. Bc4 d5 10. Bf1 Qb6 11. Ne5 Nd7 12. Nxc6 Qxc6 13. c4 Be7 14. dxc5 dxc4 15. Bxc4 Nxc5 16. Qg4 O-O 17. Be3 Rac8 18. Rac1 a5 19. h4 Qb7 20. Bd4 f6 21. Bxe6+ Nxe6 22. Qxe6+ Kh8 23. Rxc8 1-0


[Site "https://www.chess.com"]

[Event "Titled Tuesday Blitz April 05 Early 2022"]
[White "Krishna, C R G"]
[Black "Lima, Kleyton Alcantara"]
[WhiteFideId "5018625"]
[BlackFideId "22718397"]
[WhiteElo "2332"]
[BlackElo "1951"]
[Result "1-0"]
[Round "01"]
[TimeControl "180+1"]
[Date "2022.04.05"]
[WhiteClock "0:01:59"]
[BlackClock "0:00:22"]

1. e4 c5 2. Nc3 d6 3. f4 Nc6 4. Nf3 g6 5. Bc4 Bg7 6. O-O e6 7. d3 Nge7 8. Qe1 O-O 9. f5 d5 10. Bb3 dxe4 11. dxe4 exf5 12. Qh4 h5 13. Bg5 Kh7 14. Nd5 Re8 15. Nf6+ Bxf6 16. Bxf6 c4 17. Bxc4 Qb6+ 18. Kh1 Be6 19. Ng5+ Kg8 20. Nxe6 fxe6 21. Bxe6+ Kh7 22. exf5 Nxf5 23. Rxf5 1-0


[Site "https://www.chess.com"]

[Event "Titled Tuesday Blitz April 05 Early 2022"]
[White "Krysa, Leandro"]
[Black "volunteers1998"]
[WhiteFideId "116807"]
[WhiteElo "2490"]
[BlackElo "2311"]
[Result "1-0"]
[Round "01"]
[TimeControl "180+1"]
[Date "2022.04.05"]
[WhiteClock "0:00:08"]
[BlackClock "0:00:01"]

1. e4 c5 2. Nf3 Nc6 3. d4 cxd4 4. Nxd4 Nf6 5. Nc3 e5 6. Ndb5 d6 7. Bg5 a6 8. Na3 b5 9. Nab1 Be7 10. Bxf6 Bxf6 11. a4 b4 12. Nd5 O-O 13. Bc4 Be6 14. Qd3 Bg5 15. O-O Kh8 16. Nd2 f5 17. exf5 Bxf5 18. Ne4 a5 19. Rfe1 Rc8 20. c3 bxc3 21. bxc3 Qe8 22. Qg3 Bxe4 23. Rxe4 Bh6 24. Bb5 Qf7 25. Rd1 Ne7 26. Nxe7 Qxe7 27. c4 Rf6 28. Qd3 Rcf8 29. f3 Bf4 30. Rf1 Rc8 31. g3 Bh6 32. Kg2 Qc7 33. Rd1 Qc5 34. Re2 g6 35. Qd5 Qxd5 36. Rxd5 Bf8 37. Rb2 Rb8 38. Rdd2 Rf7 39. Bc6 Rxb2 40. Rxb2 Kg7 41. Rb5 Rc7 42. Bd5 Rc5 43. Rb7+ Kh6 44. h4 g5 45. hxg5+ Kxg5 46. Rxh7 Bh6 47. Rd7 Kf6 48. Rxd6+ Kg7 49. Re6 Be3 50. Rxe5 Bd4 51. Re6 1-0


[Site "https://www.chess.com"]

[Event "Titled Tuesday Blitz April 05 Early 2022"]
[White "Lakshmi C"]
[Black "Arabidze, Meri"]
[WhiteFideId "25035347"]
[BlackFideId "13604040"]
[WhiteElo "1775"]
[BlackElo "2335"]
[Result "0-1"]
[Round "01"]
[TimeControl "180+1"]
[Date "2022.04.05"]
[WhiteClock "0:00:02"]
[BlackClock "0:00:46"]

1. e4 c5 2. Nf3 e6 3. d4 cxd4 4. Nxd4 Nc6 5. Nc3 a6 6. a4 Nf6 7. Bg5 Qc7 8. Be2 Be7 9. Be3 O-O 10. O-O d6 11. Nb3 b6 12. f4 Bb7 13. Bf3 Rfd8 14. Qe2 Nd7 15. Rad1 Nc5 16. Qf2 Nb4 17. Rd4 Nc6 18. Rdd1 Rac8 19. Rd2 h6 20. Rfd1 Bf6 21. Nd4 Nxd4 22. Bxd4 e5 23. Be3 exf4 24. Bxf4 Be5 25. Bxe5 dxe5 26. Nd5 Bxd5 27. exd5 Qd6 28. b3 a5 29. Qg3 Rc7 30. Qg4 Re7 31. Qc4 f5 32. Bh5 Kh8 33. Qb5 e4 34. Qc6 e3 35. Qxd6 Rxd6 36. Re2 f4 37. Rd4 g5 38. Bf3 Nd7 39. h3 Ne5 40. Be4 Rc7 41. c4 Nd7 42. Bc2 Nc5 43. g3 Rf7 44. gxf4 gxf4 45. Rg2 f3 0-1


[Site "https://www.chess.com"]

[Event "Titled Tuesday Blitz April 05 Early 2022"]
[White "Lauridsen, Jesper Morch"]
[Black "Diaz Rosas, Julio Cesar"]
[WhiteFideId "1401890"]
[BlackFideId "5105099"]
[WhiteElo "2223"]
[BlackElo "2278"]
[Result "1-0"]
[Round "01"]
[TimeControl "180+1"]
[Date "2022.04.05"]
[WhiteClock "0:00:25"]
[BlackClock "0:00:36"]

1. e4 c5 2. Nf3 d6 3. d4 cxd4 4. Nxd4 Nf6 5. Nc3 Nc6 6. Bc4 Na5 7. Bb3 g6 8. h4 h5 9. Bg5 Bg7 10. Qd2 Bd7 11. f3 Rc8 12. O-O-O a6 13. Kb1 b5 14. Rhe1 O-O 15. Bh6 b4 16. Nd5 Nxd5 17. exd5 Nxb3 18. axb3 Kh7 19. Bxg7 Kxg7 20. g4 Rh8 21. Qg5 Kf8 22. Rd2 Rc5 23. Rde2 hxg4 24. Rxe7 gxf3 25. Qf6 Rh7 26. Rxf7+ Rxf7 27. Qh8# 1-0


[Site "https://www.chess.com"]

[Event "Titled Tuesday Blitz April 05 Early 2022"]
[White "Legenia, Artem"]
[Black "Kokoszczynski, Jan"]
[WhiteFideId "14136945"]
[BlackFideId "1174460"]
[WhiteElo "1936"]
[BlackElo "2163"]
[Result "0-1"]
[Round "01"]
[TimeControl "180+1"]
[Date "2022.04.05"]
[WhiteClock "0:00:06"]
[BlackClock "0:00:16"]

1. Nf3 Nf6 2. d4 g6 3. Bf4 Bg7 4. e3 O-O 5. h3 d6 6. Bd3 Nc6 7. c3 Qe8 8. Bh2 e5 9. dxe5 dxe5 10. e4 Nh5 11. O-O Nf4 12. Bc4 Qe7 13. Re1 Rd8 14. Qc2 Be6 15. Bf1 g5 16. Nbd2 h5 17. Nc4 Qf6 18. Bxf4 Qxf4 19. Qc1 g4 20. Qxf4 exf4 21. hxg4 hxg4 22. Ng5 Ne5 23. Nxe5 Bxe5 24. Nxe6 fxe6 25. Bc4 Kf7 26. Rad1 Kf6 27. Be2 g3 28. fxg3 fxg3 29. Rxd8 Rxd8 30. Rd1 Rh8 31. Bg4 Rh4 32. Rf1+ Ke7 33. Bf3 Bf4 34. Re1 a5 35. Kf1 Bd2 36. Rd1 Be3 37. Ke2 Bc5 38. c4 b6 39. b3 Rh8 40. Rf1 Bd6 41. Bg4 Be5 42. Bh3 Rh6 43. Bg4 Kd6 44. Rd1+ Kc5 45. Bh3 Rf6 46. Rf1 Rh6 47. Rf7 Kd4 48. Re7 Kc3 49. Rxe6 Rxe6 50. Bxe6 Kb2 51. Kf3 Kxa2 52. c5 bxc5 53. Bc4 Kb2 54. Kg4 Kc3 55. Bd5 Kb4 56. Kf5 Bd6 57. e5 Bf8 58. e6 a4 59. bxa4 Kxa4 60. Kg6 Kb4 61. Kf7 Bd6 62. e7 Bxe7 63. Kxe7 c4 64. Kd7 c3 65. Be4 c5 66. Ke6 Kc4 67. Ke5 Kb3 68. Kd5 c2 69. Bxc2+ Kxc2 70. Kxc5 Kd3 71. Kd5 Ke3 72. Ke5 Kf2 73. Kf4 Kxg2 74. Ke3 Kh2 0-1


[Site "https://www.chess.com"]

[Event "Titled Tuesday Blitz April 05 Early 2022"]
[White "Lewicki, Miroslaw"]
[Black "Hartikainen, Jarmo"]
[WhiteFideId "1113380"]
[BlackFideId "503134"]
[WhiteElo "2283"]
[BlackElo "2070"]
[Result "0-1"]
[Round "01"]
[TimeControl "180+1"]
[Date "2022.04.05"]
[WhiteClock "0:01:28"]
[BlackClock "0:00:21"]

1. g3 g6 2. Bg2 Bg7 3. Nf3 e5 4. O-O Ne7 5. d4 e4 6. Ne5 d6 7. Nc4 d5 8. Ne3 O-O 9. c4 c6 10. Nc3 Be6 11. b3 Na6 12. Bb2 Qd7 13. Rc1 Rfd8 14. cxd5 cxd5 15. f3 f5 16. fxe4 fxe4 17. Na4 Rac8 18. Rxc8 Rxc8 19. Ba3 b6 20. Nc2 Nf5 21. e3 Rxc2 22. Qxc2 Nxe3 23. Qe2 Nxf1 24. Qxa6 Ne3 25. Bb2 Nxg2 26. Kxg2 Bh3+ 27. Kg1 h5 28. Qe2 Bg4 29. Qd2 Kh7 30. Nc3 Bh6 31. Qe1 Qf7 32. Ne2 Be3+ 33. Kg2 Qf3# 0-1


[Site "https://www.chess.com"]

[Event "Titled Tuesday Blitz April 05 Early 2022"]
[White "Lewtak, Damian"]
[Black "Lamaze, Simon"]
[WhiteFideId "1141724"]
[BlackFideId "36069264"]
[WhiteElo "2362"]
[BlackElo "1999"]
[Result "1-0"]
[Round "01"]
[TimeControl "180+1"]
[Date "2022.04.05"]
[WhiteClock "0:00:21"]
[BlackClock "0:00:24"]

1. d4 Nf6 2. Nf3 e6 3. c3 b6 4. Bf4 Bb7 5. e3 c5 6. Nbd2 d5 7. Bd3 Nc6 8. Qe2 Be7 9. dxc5 bxc5 10. e4 d4 11. cxd4 cxd4 12. O-O O-O 13. e5 Nd5 14. Qe4 g6 15. Bh6 Re8 16. a3 Qd7 17. Qg4 Ne3 18. fxe3 dxe3 19. Bxg6 hxg6 20. Bxe3 Qd3 21. Rae1 Rad8 22. Qf4 Qf5 23. Qg3 Rd3 24. Qf2 Red8 25. Nc4 Ba6 26. Rc1 R8d7 27. Nd6 Bxd6 28. Rxc6 Rxe3 29. exd6 Bxf1 30. Qxe3 Bb5 31. Rc8+ Kh7 32. Qc3 f6 33. Rc7 e5 34. Rxd7+ Qxd7 35. Qc5 Kg7 36. Nd2 Kf7 37. Ne4 Ke6 38. a4 Bc6 39. Qc4+ Bd5 40. Qxd5+ Kxd5 41. Nxf6+ Kxd6 42. Nxd7 Kxd7 43. Kf2 Kc6 44. h4 Kc5 45. g4 Kb4 46. h5 Kxa4 47. hxg6 Kb3 48. g7 Kxb2 49. g8=Q a5 50. Qd5 1-0


[Site "https://www.chess.com"]

[Event "Titled Tuesday Blitz April 05 Early 2022"]
[White "Manolache, Marius"]
[Black "Devaev, Alexander"]
[WhiteFideId "1201530"]
[BlackFideId "4169395"]
[WhiteElo "2364"]
[BlackElo "2185"]
[Result "0-1"]
[Round "01"]
[TimeControl "180+1"]
[Date "2022.04.05"]
[WhiteClock "0:01:58"]
[BlackClock "0:01:09"]

1. d4 Nf6 2. c4 e6 3. Nc3 Bb4 4. e3 c5 5. Nf3 cxd4 6. exd4 d5 7. Bd3 dxc4 8. Bxc4 Nc6 9. O-O O-O 10. Qd3 b6 11. a3 Bxc3 12. bxc3 Bb7 13. Re1 Ne7 14. Bb3 Rc8 15. Bd2 Nf5 16. a4 Bd5 17. Reb1 Bxb3 18. Rxb3 Qd5 19. Qb1 Ne4 20. Be1 Ned6 21. a5 b5 22. a6 Rc6 23. Ne5 Rc7 24. f3 Rfc8 25. Qd3 f6 26. Ng4 Qxb3 0-1


[Site "https://www.chess.com"]

[Event "Titled Tuesday Blitz April 05 Early 2022"]
[White "Manukian, Artak"]
[Black "Madaminov, Mukhiddin"]
[WhiteFideId "13301373"]
[BlackFideId "14210703"]
[WhiteElo "2373"]
[BlackElo "1916"]
[Result "0-1"]
[Round "01"]
[TimeControl "180+1"]
[Date "2022.04.05"]
[WhiteClock "0:00:40"]
[BlackClock "0:00:25"]

1. e4 e6 2. d4 d5 3. e5 c5 4. c3 Nc6 5. Nf3 Qb6 6. a3 f6 7. b4 fxe5 8. Nxe5 Nxe5 9. dxe5 Qc7 10. f4 Ne7 11. Bd3 g6 12. O-O Bg7 13. Be3 b6 14. Bb5+ Kf7 15. Nd2 Rd8 16. Nf3 Kg8 17. Qe2 Bd7 18. Rad1 Bxb5 19. Qxb5 Rac8 20. bxc5 bxc5 21. Ng5 Qc6 22. a4 h6 23. Nf3 d4 24. cxd4 c4 25. Rc1 Nd5 26. Rfe1 c3 27. Rc2 Qc4 28. Kf2 Nb4 29. Qxc4 Rxc4 30. Rec1 Rdc8 31. Ne1 Nxc2 32. Rxc2 Rxa4 33. Nd3 Bf8 34. Nc5 Bxc5 35. dxc5 Rc4 36. Ke2 Rd8 37. g3 a5 38. h4 h5 39. Ra2 c2 40. Bc1 Rd1 41. Ra1 a4 0-1


[Site "https://www.chess.com"]

[Event "Titled Tuesday Blitz April 05 Early 2022"]
[White "Martin Carmona, Gaston Manuel"]
[Black "Paravyan, David"]
[WhiteFideId "22284567"]
[BlackFideId "4194985"]
[WhiteElo "2146"]
[BlackElo "2569"]
[Result "0-1"]
[Round "01"]
[TimeControl "180+1"]
[Date "2022.04.05"]
[WhiteClock "0:01:36"]
[BlackClock "0:01:30"]

1. d4 Nf6 2. Nf3 g6 3. c4 Bg7 4. Nc3 d5 5. cxd5 Nxd5 6. e4 Nxc3 7. bxc3 c5 8. Rb1 O-O 9. Be2 cxd4 10. cxd4 Qa5+ 11. Bd2 Qxa2 12. O-O Bg4 13. Bg5 Rd8 14. d5 Bf6 15. Bxf6 exf6 16. Rxb7 Nd7 17. Bb5 Ne5 18. Be2 Bxf3 19. Bxf3 Rdb8 20. Rxb8+ Rxb8 21. Qd4 Rb1 22. Rd1 Qb3 23. Rxb1 Qxb1+ 24. Qd1 Nxf3+ 0-1


[Site "https://www.chess.com"]

[Event "Titled Tuesday Blitz April 05 Early 2022"]
[White "Martin Duque, Jesus"]
[Black "Kobalia, Mikhail"]
[WhiteFideId "2208954"]
[BlackFideId "4119150"]
[WhiteElo "2461"]
[BlackElo "2805"]
[Result "0-1"]
[Round "01"]
[TimeControl "180+1"]
[Date "2022.04.05"]
[WhiteClock "0:00:51"]
[BlackClock "0:00:59"]

1. Nf3 Nf6 2. b3 d6 3. d4 g6 4. Bb2 Bg7 5. g3 O-O 6. Bg2 Ne4 7. Nfd2 Nxd2 8. Qxd2 Nc6 9. O-O e5 10. dxe5 dxe5 11. Rd1 Bf5 12. Nc3 Qc8 13. Nd5 Re8 14. c4 Bg4 15. b4 Nd4 16. Re1 c6 17. Ne3 Be6 18. Rac1 Qc7 19. Nc2 Rad8 20. Nxd4 exd4 21. a4 Bf5 22. b5 d3 23. e4 Bxb2 24. Qxb2 d2 0-1


[Site "https://www.chess.com"]

[Event "Titled Tuesday Blitz April 05 Early 2022"]
[White "Martinez Alcantara, Jose Eduardo"]
[Black "Selbes, Tarik"]
[WhiteFideId "3805662"]
[BlackFideId "6302513"]
[WhiteElo "2690"]
[BlackElo "2290"]
[Result "1-0"]
[Round "01"]
[TimeControl "180+1"]
[Date "2022.04.05"]
[WhiteClock "0:00:25"]
[BlackClock "0:00:14"]

1. e4 e5 2. Nf3 Nc6 3. Bb5 g6 4. c3 a6 5. Ba4 Bg7 6. d4 exd4 7. cxd4 b5 8. Bb3 Na5 9. Bc2 d6 10. O-O Nf6 11. h3 O-O 12. Nc3 Bb7 13. Re1 Re8 14. a3 c5 15. d5 Nc4 16. Rb1 b4 17. axb4 cxb4 18. Na4 Rc8 19. Bf4 Qa5 20. Bd3 b3 21. Qxb3 Nxd5 22. Bxc4 Nxf4 23. Bxf7+ Kh8 24. Bxe8 Rxe8 25. Qxb7 Qxa4 26. b3 Qa5 27. Rbd1 Rf8 28. Re3 Qh5 29. Rxd6 h6 30. e5 g5 31. Rd7 Rg8 32. Qe4 Qe8 33. e6 Qc8 34. Rd1 Re8 35. e7 Bf6 36. Ne5 Rxe7 37. Ng6+ Nxg6 38. Qxg6 Qf8 39. Rd8 Qxd8 40. Qxf6+ 1-0


[Site "https://www.chess.com"]